AoeStats
← DifferentPerson

Arabia

509440321Analyzed
1v1 RM · 5d ago on Sep 26, 2026· 44m 36s· 2 players
Game mode
Random Map
Map size
Tiny (2 player)
Population
200
Speed
Normal
Resources
Standard
Victory
Conquest
Starting age
Dark Age
Ending age
Imperial Age
RankedLock teamsTeams togetherTeam positionsShared explorationLock speedFull tech treeHidden civsTurbo modeCheats
Victory
Defeat
🇺🇸 Koreans · United States
991
+17
🇬🇧 Berbers · United Kingdom
1003
-17
Gramps
7:15 Loom
9:15 Feudal Age
9:54 Double-Bit Axe
18:18 Town Watch
20:50 Castle Age
19:27 Horse Collar
21:05 Scale Mail Armor
21:58 Bow Saw
21:11 Pikeman
29:16 Chain Mail Armor
31:41 Forging
34:37 Wheelbarrow
34:04 Heavy Plow
37:05 Hand Cart
36:57 Squires
41:39 Imperial Age
40:45 Iron Casting
42:22 Heavy Rocket Cart
43:14 Squires
42:36 Elite Fire Lancer
DifferentPerson
7:17 Loom
10:23 Feudal Age
11:10 Double-Bit Axe
14:19 Scale Barding Armor
17:40 Stone Mining
18:07 Horse Collar
22:33 Castle Age
22:31 Bloodlines
22:31 Scale Mail Armor
26:44 Fletching
26:56 Padded Archer Armor
27:51 Bodkin Arrow
32:00 Leather Archer Armor
34:34 Husbandry
35:46 Ballistics
42:41 Light Cavalry
44:07 Heavy Plow
Connection lost

Rejoining the realm…

Still unreachable

The connection could not be restored.

Session expired

The server has moved on; the page needs a fresh start.